 Dungeon Crawl Stone Soup version 0.29.1-15-g9cfb28693d (webtiles) character file.

Game seed: 4472465715836371679

403 Jase the Ruffian (level 6, 0/59 HPs)
             Began as a Troll Monk on Mar 28, 2023.
             Slain by a gnoll
             ... wielding a +0 spear
             ... led by a gnoll bouda
              (3 damage)
             ... on level 4 of the Dungeon.
             The game lasted 00:08:07 (3074 turns).

Jase the Ruffian (Troll Monk)                       Turns: 3074, Time: 00:08:12

Health: 0/59       AC:  3    Str: 17 (20) XL:     6   Next: 55%
Magic:  5/5        EV:  5    Int:  6 (9)  God:
Gold:   216        SH:  0    Dex: 17 (20) Spells: 5/5 levels left

rFire   . . .      SeeInvis .     - Unarmed
rCold   + . .      Faith    .   (no shield)
rNeg    . . .      Spirit   .   a - +0 robe
rPois   +          Reflect  .   (helmet restricted)
rElec   .          Harm     .   (no cloak)
rCorr   .          Rampage  .   (gloves unavailable)
Will    .....      Clarity  +   (boots unavailable)
Stlth   +.........              o - amulet of Vehumet's Outrage {rPois rC+ Will- Regen+ Int+3}
HPRegen 1.79/turn               c - +6 ring of dexterity
MPRegen 0.09/turn               t - ring of willpower

@: confused, ambrosia-drunk, weakened, held
A: large, unfitting armour, claws 3, regeneration 1, shaggy fur 1, tough skin 1,
clarity, deformed body
a: no special abilities


You were on level 4 of the Dungeon.
You visited 1 branch of the dungeon, and saw 4 of its levels.

You collected 216 gold pieces.

Inventory:

Hand Weapons
 w - a +0 vorpal flail
Missiles
 i - 38 stones (quivered)
 v - 3 poisoned darts
Armour
 a - a +0 robe (worn)
Jewellery
 c - a +6 ring of dexterity (left claw)
 g - a ring of fire
 o - the amulet of Vehumet's Outrage (around neck) {rPois rC+ Will- Regen+ Int+3}
   (You found it on level 2 of the Dungeon)

   [amulet of regeneration]

   Int:       It affects your intelligence (+3).
   rC:        It protects you from cold.
   rPois:     It protects you from poison.
   Regen:     It increases your rate of health regeneration.
   Will:      It decreases your willpower.
 t - a ring of willpower (right claw)
 y - an amulet of the acrobat
Scrolls
 f - 2 scrolls of teleportation {unknown}
 j - 2 scrolls of identify {unknown}
 k - a scroll of noise {unknown}
 p - 2 scrolls of vulnerability {unknown}
 r - 2 scrolls of enchant armour {unknown}
 u - a scroll of poison {unknown}
 x - a scroll of butterflies {unknown}
Potions
 h - a potion of brilliance {unknown}
 l - 3 potions of flight {unknown}
 m - a potion of attraction {unknown}
 n - a potion of heal wounds {unknown}
 q - a potion of might {unknown}
 s - a potion of curing {unknown}


   Skills:
 - Level 2.4 Fighting
 - Level 2.4 Dodging
 - Level 1.0 Stealth
 + Level 7.5 Unarmed Combat


You had 5 spell levels left.
You didn't know any spells.
Your spell library contained the following spells:

 Spells                   Type           Power      Damage    Failure   Level
 Sting                    Tmut/Pois      0%         1d3       45%         1
 Ensorcelled Hibernation  Hex/Ice        0%         N/A       58%         2
 Passwall                 Tmut/Erth      0%         N/A       58%         2
 Poisonous Vapours        Pois/Air       0%         N/A       58%         2
 Confusing Touch          Hex            0%         N/A       83%         3
 Ozocubu's Armour         Ice            0%         N/A       83%         3
 Swiftness                Air            0%         N/A       83%         3
 Olgreb's Toxic Radiance  Pois           0%         N/A       99%         4
 Yara's Violent Unravell  Hex/Tmut       0%         3d3       100%        5
 Enfeeble                 Hex            0%         N/A       100%        7
 Ozocubu's Refrigeration  Ice            0%         4d7       100%        7
 Ignition                 Fire           0%         3d3       100%        8


Dungeon Overview and Level Annotations

Branches:
Dungeon (4/15)             Temple (0/1) D:4

Altars:
Makhleb
Nemelex Xobeh

Shops:
D:1 [


Innate Abilities, Weirdness & Mutations

You are too large for most types of armour.
You have claws for hands.
Your natural rate of healing is unusually fast.
You are covered in fur. (AC +1)
You have tough skin. (AC +1)
You possess an exceptional clarity of mind.
Armour fits poorly on your strangely shaped body.


Message History

The gnoll bouda hits you with a +0 club.
The gnoll hits you with a +0 whip.
The gnoll hits you from afar with a +0 spear.
The gnoll closely misses you.
You struggle against the net.
The gnoll bouda gazes fiercely through you!
You feel as though you will be weak longer.
The gnoll bouda hits you with a +0 club.
The gnoll hits you with a +0 whip.
The gnoll hits you from afar with a +0 spear!
The gnoll hits you with a +0 whip.
You are confused.
You feel invigorated.
The gnoll bouda hits you with a +0 club.
The gnoll hits you with a +0 whip.
* * * LOW HITPOINT WARNING * * *
The gnoll hits you from afar with a +0 spear!
* * * LOW HITPOINT WARNING * * *
The gnoll barely misses you. The endoplasm hits you.
* * * LOW HITPOINT WARNING * * *
It was a potion of degeneration.
There was something very wrong with that liquid.
You feel weakened.
You feel dopey.
You feel clumsy.
The gnoll bouda barks out a call to the hunt!
The gnolls pick up the pace!
The gnoll barely misses you.
The endoplasm hits you but does no damage.
The gnoll hits you from afar with a +0 spear.
* * * LOW HITPOINT WARNING * * *
The gnoll hits you with a +0 whip.
* * * LOW HITPOINT WARNING * * *
Unknown command.
It was a potion of mutation.
You feel extremely strange.
Your thoughts seem clearer.
Your body twists and deforms.
The gnoll bouda hits you with a +0 club!
* * * LOW HITPOINT WARNING * * *
The gnoll hits you with a +0 whip.
* * * LOW HITPOINT WARNING * * *
The gnoll hits you from afar with a +0 spear.
You die...

#.. ##..## #.... #..##
#...### #..##
#...###....###.###
#....##....##.#
#....##....#.##
##.....##......# .
##.......##.....# .ยง.
##gJ.......##....##
.....##.@.g##.....###...#
....^..gg.#####..........
.>.......## ####..###..
.(.......# #### #..
.........# #.. ..........
#.. $.......... #..
########..# #.. ### ##.


You could see a gnoll bouda, 3 gnolls and an endoplasm.

Vanquished Creatures
  A phantom (D:4)
  2 jellies (D:3)
  An iguana (D:4)
  2 orc wizards
  3 gnolls (D:3)
  5 adders
  3 dart slugs
  11 orcs
  8 ball pythons
  11 endoplasms
  8 giant cockroaches
  5 goblins
  7 hobgoblins
  5 quokkas
  7 bats
  3 frilled lizards
  18 kobolds
  5 rats
105 creatures vanquished.

Vanquished Creatures (others)
  2 fungi (D:3)
  14 plants (D:3)
  6 toadstools (D:3)
22 creatures vanquished.

Grand Total: 127 creatures vanquished

Notes
Turn   | Place    | Note
-------+----------+-------------------------------------------
     0 | D:1      | Jase the Troll Monk began the quest for the Orb.
     0 | D:1      | Reached XP level 1. HP: 22/22 MP: 0/0
    18 | D:1      | Found Muism's Antique Armour Shop.
   165 | D:1      | Reached XP level 2. HP: 27/29 MP: 1/1
   368 | D:1      | Reached skill level 4 in Unarmed Combat
   587 | D:1      | Found a faded altar of an unknown god.
   665 | D:2      | Found a burning altar of Makhleb.
   700 | D:2      | Reached XP level 3. HP: 35/36 MP: 2/2
   717 | D:2      | Identified the amulet of Vehumet's Outrage {rPois rC+ Will-
                  | Regen+ Int+3}
  1416 | D:3      | Reached skill level 5 in Unarmed Combat
  1416 | D:3      | Reached XP level 4. HP: 44/44 MP: 3/3
  1829 | D:3      | Reached XP level 5. HP: 50/50 MP: 4/4
  2018 | D:3      | Reached skill level 6 in Unarmed Combat
  2042 | D:3      | Found a sparkling altar of Nemelex Xobeh.
  2688 | D:4      | Noticed a phantom
  2692 | D:4      | Killed a phantom
  2693 | D:4      | Reached skill level 7 in Unarmed Combat
  2693 | D:4      | Reached XP level 6. HP: 59/59 MP: 5/5
  2973 | D:4      | Found a staircase to the Ecumenical Temple.
  3074 | D:4      | Gained mutation: You possess an exceptional clarity of
                  | mind. [potion of mutation]
  3074 | D:4      | Gained mutation: Armour fits poorly on your strangely
                  | shaped body. [potion of mutation]
  3074 | D:4      | Slain by a gnoll

Illustrated notes

Levels and vault maps discovered:
D:1:      mrwooster_arrival_statue, layout_loops_ring, serial_shops, shop,
          ebering_ecumenical_altar_sacrificial
D:2:      minmay_chambers_of_twos, layout_loops_ring, basic_altar,
          minmay_cut_off
D:3:      cheibrodos_fertilizer, layout_basic, nemelex_dance_club_becter,
          serial_rivers, chequers_serial_rivers_micro_c,
          chequers_serial_rivers_room_a, chequers_serial_rivers_marsh,
          chequers_serial_rivers_room_b, chequers_serial_rivers_small_a,
          chequers_serial_rivers_small_a, wad_woods_river_04,
          chequers_serial_rivers_micro_e, kennysheep_generic_room_10
D:4:      layout_layer_cave, minmay_temple_entry_crystal_x, serial_shops, shop,
          nrook_mini_backslash

Skill      XL: |  1  2  3  4  5 |
---------------+----------------+-----
Unarmed Combat | 4 5 7 |  7.5
Fighting       | |  2.4
Dodging        | |  2.4
Stealth        | |  1.0

Action                   |  1- 3 |  4- 6 || total
-------------------------+-------+-------++-------
Melee: Unarmed           |   101 |   187 ||   288
       Punch             |     2 |     5 ||     7
  Use: Potion            |       |     3 ||     3
 Stab: Sleeping          |     5 |     7 ||    12
       Distracted        |     1 |     1 ||     2
Armor: Robe              |    46 |    29 ||    75
Dodge: Dodged            |    60 |    61 ||   121
